 Dungeon Crawl Stone Soup version 0.30-a0-1053-gbd8d5ba0ad (webtiles) character file.

Game seed: 14791333257763100320

2954 Arzdou the Basher (level 9, -22/74 HPs)
             Began as a Gnoll Cinder Acolyte on Apr 11, 2023.
             Was an Elder of Ignis.
             Annihilated by a two-headed ogre
             ... wielding a +0 giant spiked club
              (23 damage)
             ... on level 8 of the Dungeon.
             The game lasted 00:26:28 (7766 turns).

Arzdou the Basher (Gnoll Cinder Acolyte)            Turns: 7766, Time: 00:26:29

Health: -22/74     AC: 11    Str: 23    XL:     9   Next: 81%
Magic:  5/17       EV: 11    Int: 15    God:    Ignis [****..]
Gold:   452        SH:  0    Dex:  7    Spells: 12/19 levels left

rFire   + . .      SeeInvis .    A - +1 mace (heavy)
rCold   + . .      Faith    .    (no shield)
rNeg    . . .      Spirit   .    x - +0 scale mail
rPois   .          Reflect  .    N - +2 helmet of the Loofah {rC+}
rElec   .          Rampage  .    (no cloak)
rCorr   .                        q - +0 pair of gloves
Will    .....                    (no boots)
Stlth   +                        (no amulet)
HPRegen 0.32/turn                v - +6 ring of strength
MPRegen 0.15/turn                d - ring of wizardry

@: swift (expiring), quick
A: fangs 1, strong nose, distributed training
a: Renounce Religion, Fiery Armour, Foxfire Swarm, Rising Flame


You were on level 8 of the Dungeon.
You worshipped Ignis.
Ignis was greatly pleased with you.
You visited 1 branch of the dungeon, and saw 8 of its levels.
You also visited: Ossuary.

You collected 694 gold pieces.
You spent 242 gold pieces at shops.

Inventory:

Hand Weapons
 A - a +1 heavy mace (weapon)
Armour
 q - a +0 pair of gloves (worn)
 x - a +0 scale mail (worn)
 N - the +2 helmet of the Loofah (worn) {rC+}
   (You found it on level 6 of the Dungeon)

   rC:        It protects you from cold.
Jewellery
 c - a +4 ring of protection
 d - a ring of wizardry (right hand)
 g - a ring of magical power
 o - a ring of positive energy
 v - a +6 ring of strength (left hand)
 z - a +4 ring of protection
 J - a ring of protection from cold
 K - a ring of see invisible
Wands
 y - a wand of flame (18)
 M - a wand of iceblast (9)
 O - a wand of acid (8)
Scrolls
 a - a scroll of torment {unknown}
 h - 3 scrolls of poison {unknown}
 j - 3 scrolls of blinking
 k - a scroll of summoning
 n - 4 scrolls of immolation
 s - a scroll of magic mapping {unknown}
 u - a scroll of fear {unknown}
 B - 2 scrolls of silence
 E - a scroll of enchant weapon {unknown}
 F - 4 scrolls of teleportation
 G - a scroll of vulnerability {unknown}
 L - a scroll of enchant armour {unknown}
Potions
 b - 2 potions of mutation {unknown}
 e - a potion of resistance {unknown}
 f - 5 potions of curing
 i - 2 potions of brilliance
 l - 2 potions of haste
 m - 4 potions of attraction
 p - 3 potions of lignification
 r - 4 potions of flight
 t - 3 potions of heal wounds
 w - 2 potions of magic {unknown}
 C - 2 potions of berserk rage
 D - 2 potions of ambrosia {unknown}
 H - 2 potions of cancellation {unknown}
 I - 2 potions of invisibility {unknown}


   Skills:
 + Level 8.2 Fighting
 + Level 4.8 Short Blades
 + Level 4.8 Long Blades
 + Level 4.8 Axes
 + Level 8.2 Maces & Flails
 + Level 4.8 Polearms
 + Level 4.8 Staves
 + Level 4.8 Ranged Weapons
 + Level 4.8 Throwing
 + Level 4.8 Armour
 + Level 4.8 Dodging
 + Level 4.8 Stealth
 + Level 4.8 Shields
 + Level 4.8 Unarmed Combat
 + Level 5.6 Spellcasting
 + Level 3.9 Conjurations
 + Level 3.9 Hexes
 + Level 3.9 Summonings
 + Level 3.9 Necromancy
 + Level 3.9 Translocations
 + Level 3.9 Transmutations
 + Level 6.8 Fire Magic
 + Level 3.9 Ice Magic
 + Level 3.9 Air Magic
 + Level 3.9 Earth Magic
 + Level 3.9 Poison Magic
 + Level 5.2 Invocations
 + Level 4.8 Evocations


You had 12 spell levels left.
You knew the following spells:

 Your Spells              Type           Power      Damage    Failure   Level
a - Scorch                Fire           48%        2d7       1%          2
b - Blink                 Tloc           32%        N/A       4%          2
c - Swiftness             Air            16%        N/A       9%          3

Your spell library contained the following spells:

 Spells                   Type           Power      Damage    Failure   Level
 Shock                    Conj/Air       64%        1d7       3%          1
 Sublimation of Blood     Necr           16%        N/A       4%          2
 Wereblood                Tmut           16%        N/A       4%          2
 Portal Projectile        Hex/Tloc       32%        N/A       9%          3
 Tukima's Dance           Hex            16%        N/A       9%          3
 Airstrike                Air            8%         2d(2-18)  28%         4
 Manifold Assault         Tloc           16%        N/A       28%         4
 Blade Hands              Tmut           8%         N/A       58%         5
 Storm Form               Tmut/Air       8%         N/A       100%        7
 Summon Hydra             Summ           8%         N/A       100%        7


Dungeon Overview and Level Annotations

Branches:
Dungeon (8/15)             Temple (0/1) D:5         Ossuary (visited)
   Lair: D:8-11

Altars:
Ashenzari
Cheibriados
Dithmenos
Fedhas
Hepliaklqana
Qazlal
Trog
Wu Jian
Xom
Zin
The Shining One

Shops:
D:6 :


Innate Abilities, Weirdness & Mutations

You have very sharp teeth.
Your uncanny sense of smell can sniff out nearby items.
Your experience applies equally to all skills.


Message History

The two-headed ogre is lightly wounded.
The two-headed ogre barely misses you.
The two-headed ogre hits you with a +0 giant club!
The two-headed ogre hits you with a +0 giant spiked club!
The two-headed ogre misses you.
There is an open door here.
Flames lash the two-headed ogre.
The two-headed ogre is burned terribly!
The two-headed ogre is heavily wounded.
The two-headed ogre attacks as you move away!
The two-headed ogre hits you with a +0 giant spiked club!
The two-headed ogre hits you with a +0 giant club.
Casting: Scorch (safe; 1% risk of failure)
Confirm with . or Enter, or press ? or * to list all spells.
You feel quick.
The two-headed ogre hits you with a +0 giant spiked club!
The two-headed ogre barely misses you.
You are too injured to fight recklessly!
Casting: Swiftness (dangerous; 9% risk of failure)
Confirm with . or Enter, or press ? or * to list all spells.
You blink.
You start to feel a little slower.
You are too injured to fight recklessly!
Casting: Blink (safe; 4% risk of failure)
Confirm with . or Enter, or press ? or * to list all spells.
Flames lash the two-headed ogre.
The two-headed ogre is burned terribly!
The two-headed ogre is severely wounded.
Casting: Scorch (safe; 1% risk of failure)
Confirm with . or Enter, or press ? or * to list all spells.
You are still too unstable to blink.
You feel stable enough to blink again.
Casting: Blink (safe; 4% risk of failure)
Confirm with . or Enter, or press ? or * to list all spells.
Flames lash the two-headed ogre.
The two-headed ogre is burned terribly!
The two-headed ogre is severely wounded.
You sock the two-headed ogre!
The two-headed ogre is almost dead.
The two-headed ogre hits you with a +0 giant spiked club!!
* * * LOW HITPOINT WARNING * * *
The two-headed ogre hits you with a +0 giant club!!
You die...

#............# .....
#............# ....
#..##...##########..
#..##...##...##..#
#............#...#
#............'...#
#######..###'####.#
#.....#O.##.....###
#...<.#@..#.....#
#.....'...+.....#
#.....#...#.....#
#.....#...#######
#.....#....#
#.....#....#
#.....#....#
#.......#.##
###########


You could see a two-headed ogre (combustible).

Vanquished Creatures
  Grinder (D:6)
  Duvessa (D:7)
  4 water moccasins
  2 black bears (D:6)
  An orc warrior (D:5)
  2 ogres
  A centaur (D:7)
  2 phantoms
  The ghost of Arzdou the Insei, an amateur OpTm of Ashenzari (D:3)
  4 bullfrogs
  A gnoll sergeant (D:7)
  3 scorpions
  Dowan (D:7)
  2 hounds
  6 orc priests
  3 jellies
  A sleepcap (D:5)
  An iguana (D:6)
  3 orc wizards
  8 mummies (Ossuary)
  16 gnolls
  8 adders
  A shadow imp (D:6)
  A white imp (D:5)
  An ufetubus (D:7)
  2 worms
  A dart slug (D:3)
  21 orcs
  A ball python (D:4)
  9 endoplasms
  7 giant cockroaches
  3 gnoll zombies (Ossuary)
  3 goblins
  5 hobgoblins
  A quokka (D:2)
  8 bats
  3 frilled lizards
  A hobgoblin zombie (Ossuary)
  7 kobolds
  A kobold zombie (Ossuary)
  3 orc zombies (Ossuary)
  5 rats
  A spectral kobold (D:3)
157 creatures vanquished.

Vanquished Creatures (others)
  A sky beast (D:7)
  27 foxfires
28 creatures vanquished.

Grand Total: 185 creatures vanquished

Notes
Turn   | Place    | Note
-------+----------+-------------------------------------------
     0 | D:1      | Arzdou the Gnoll Cinder Acolyte began the quest for the
                  | Orb.
     0 | D:1      | Reached XP level 1. HP: 23/23 MP: 4/4
   275 | D:1      | Reached XP level 2. HP: 29/29 MP: 5/5
   278 | D:1      | Learned a level 2 spell: Scorch
   964 | D:2      | Reached XP level 3. HP: 22/35 MP: 2/7
  1230 | D:2      | Reached skill level 1 in Invocations
  1236 | D:2      | Reached skill level 1 in Short Blades
  1236 | D:2      | Reached skill level 1 in Long Blades
  1236 | D:2      | Reached skill level 1 in Axes
  1236 | D:2      | Reached skill level 1 in Polearms
  1236 | D:2      | Reached skill level 1 in Staves
  1236 | D:2      | Reached skill level 1 in Ranged Weapons
  1236 | D:2      | Reached skill level 1 in Throwing
  1236 | D:2      | Reached skill level 1 in Armour
  1236 | D:2      | Reached skill level 1 in Dodging
  1236 | D:2      | Reached skill level 1 in Stealth
  1236 | D:2      | Reached skill level 1 in Shields
  1236 | D:2      | Reached skill level 1 in Unarmed Combat
  1236 | D:2      | Reached skill level 1 in Evocations
  1244 | D:2      | Reached XP level 4. HP: 30/41 MP: 4/8
  1478 | D:2      | Found a faded altar of an unknown god.
  1484 | D:2      | Identified the +0 ring mail "Wosy" {Int+3}
  1632 | D:3      | Found a runed translucent door.
  1780 | D:3      | Reached skill level 1 in Conjurations
  1780 | D:3      | Reached skill level 1 in Hexes
  1780 | D:3      | Reached skill level 1 in Summonings
  1780 | D:3      | Reached skill level 1 in Necromancy
  1780 | D:3      | Reached skill level 1 in Translocations
  1780 | D:3      | Reached skill level 1 in Transmutations
  1780 | D:3      | Reached skill level 1 in Ice Magic
  1780 | D:3      | Reached skill level 1 in Air Magic
  1780 | D:3      | Reached skill level 1 in Earth Magic
  1780 | D:3      | Reached skill level 1 in Poison Magic
  1799 | D:3      | Reached XP level 5. HP: 25/47 MP: 0/9
  1944 | D:3      | Noticed Arzdou's ghost (amateur OpTm)
  1966 | D:3      | Killed Arzdou's ghost
  1967 | D:3      | Reached XP level 6. HP: 21/53 MP: 8/11
  1978 | D:3      | Found a runed translucent door.
  2281 | D:3      | Learned a level 2 spell: Blink
  2502 | D:3      | Found a hazy altar of Hepliaklqana.
  2935 | D:4      | Found a blossoming altar of Fedhas.
  2951 | D:4      | Found a sand-covered staircase.
  2956 | Ossuary  | Entered an ossuary
  3583 | D:4      | Found a bloodstained altar of Trog.
  3583 | D:4      | Found a glowing golden altar of the Shining One.
  3583 | D:4      | Found an ornate altar of the Wu Jian Council.
  3583 | D:4      | Found a shimmering altar of Xom.
  3584 | D:4      | Found a stormy altar of Qazlal.
  3584 | D:4      | Found a broken altar of Ashenzari.
  3588 | D:4      | Reached XP level 7. HP: 59/60 MP: 12/12
  3590 | D:4      | Found a glowing silver altar of Zin.
  3590 | D:4      | Found a snail-covered altar of Cheibriados.
  3590 | D:4      | Found a shadowy altar of Dithmenos.
  3706 | D:5      | Entered Level 5 of the Dungeon
  3720 | D:5      | Found a staircase to the Ecumenical Temple.
  3912 | D:5      | Reached XP level 8. HP: 64/67 MP: 14/14
  4981 | D:6      | Noticed Grinder
  4986 | D:6      | Reached XP level 9. HP: 63/73 MP: 11/16
  4997 | D:6      | Killed Grinder
  4998 | D:6      | Reached skill level 5 in Spellcasting
  5424 | D:6      | Found Udwonamo's Book Shoppe.
  5432 | D:6      | Bought a book of Air for 242 gold pieces
  5436 | D:6      | Learned a level 3 spell: Swiftness
  6408 | D:6      | Identified the +2 helmet of the Loofah {rC+}
  6483 | D:7      | Noticed Duvessa
  6483 | D:7      | Noticed Dowan
  6497 | D:7      | Killed Duvessa
  6513 | D:7      | Killed Dowan
  6653 | D:7      | Reached skill level 5 in Invocations
  7740 | D:8      | Noticed a two-headed ogre
  7766 | D:8      | HP: 1/74 [two-headed ogre/+0 giant spiked club (32)]
  7766 | D:8      | Annihilated by a two-headed ogre

Illustrated notes

Levels and vault maps discovered:
D:1:      matt_arrival_diagonals, layout_loops_corners
D:2:      layout_rooms, shapermc_ecumenical_altar_acropolis, minmay_cupped
D:3:      layout_basic, nicolae_hepliaklqana_monster_ancestors,
          ebering_ghost_sewer_f, minmay_misc_feat_cross
D:4:      layout_basic, lemuel_doored_altar, nicolae_overflows_in_rows,
          enter_ossuary_2
D:5:      layout_cave_pools, minmay_temple_entry_junction,
          guppyfry_early_orc_mine
D:6:      layout_layer_cave, serial_shops, shop, lemuel_flame_loot_1,
          uniq_grinder
D:7:      layout_loops_ring, grunt_ministairs_11, uniq_duvessa
D:8:      layout_gridville, lightli_temple_of_fire, hellmonk_lair_entry_icy,
          grunt_decor_mini_mirrors, uniq_psyche

Skill      XL: |  1  2  3  4  5  6  7  8  9 |
---------------+----------------------------+-----
Invocations    | 1 2 3 4 5 |  5.2
Short Blades   | 1 2 3 4 |  4.8
Long Blades    | 1 2 3 4 |  4.8
Axes           | 1 2 3 4 |  4.8
Polearms       | 1 2 3 4 |  4.8
Staves         | 1 2 3 4 |  4.8
Ranged Weapons | 1 2 3 4 |  4.8
Throwing       | 1 2 3 4 |  4.8
Armour         | 1 2 3 4 |  4.8
Dodging        | 1 2 3 4 |  4.8
Stealth        | 1 2 3 4 |  4.8
Shields        | 1 2 3 4 |  4.8
Unarmed Combat | 1 2 3 4 |  4.8
Evocations     | 1 2 3 4 |  4.8
Spellcasting   | 3 4 5 |  5.6
Conjurations   | 1 2 3 |  3.9
Hexes          | 1 2 3 |  3.9
Summonings     | 1 2 3 |  3.9
Necromancy     | 1 2 3 |  3.9
Translocations | 1 2 3 |  3.9
Transmutations | 1 2 3 |  3.9
Ice Magic      | 1 2 3 |  3.9
Air Magic      | 1 2 3 |  3.9
Earth Magic    | 1 2 3 |  3.9
Poison Magic   | 1 2 3 |  3.9
Fighting       | 7 8 |  8.2
Maces & Flails | 7 8 |  8.2
Fire Magic     | 6 |  6.8

Action                     |  1- 3 |  4- 6 |  7- 9 || total
---------------------------+-------+-------+-------++-------
  Melee: Mace              |    49 |   118 |   131 ||   298
         Bite              |     1 |    11 |     6 ||    18
         Punch             |       |     1 |       ||     1
   Cast: Scorch            |    12 |    24 |    88 ||   124
         Blink             |       |     1 |     3 ||     4
         Swiftness         |       |       |     8 ||     8
 Invoke: Foxfire Swarm     |     1 |     1 |       ||     2
         Fiery Armour      |       |     1 |       ||     1
    Use: Scroll            |       |     9 |     4 ||    13
 Armour: Robe              |    12 |     3 |       ||    15
         Chain mail        |       |    44 |       ||    44
         Scale mail        |       |    27 |    94 ||   121
  Dodge: Dodged            |    30 |    54 |   122 ||   206

Table legend: (Time is in decaauts)
 A = Elapsed time spent in this place.
 B = Non-inter-level travel time spent in this place.
 C = Inter-level travel time spent in this place.
 D = Time resting spent in this place.
 E = Time spent auto-exploring this place.
 F = Levels seen in this place.
 G = Mean time per level.
                   A        B        C        D        E       F      G
               +--------+--------+--------+--------+--------+-----+--------+
         Total |   7848 |   7622 |    226 |      0 |   6106 |   9 |  872.0 |
       Dungeon |   7420 |   7194 |    226 |      0 |   5784 |   8 |  927.5 |
       Ossuary |    428 |    428 |      0 |      0 |    322 |   1 |  428.0 |
               +--------+--------+--------+--------+--------+-----+--------+

Top non-repeatable levels by time:
     D:6: 1893 daAuts
     D:7: 1233 daAuts
     D:3: 1084 daAuts
     D:1: 940 daAuts
     D:5: 928 daAuts
     D:2: 696 daAuts
     D:4: 581 daAuts
 Ossuary: 428 daAuts
     D:8: 62 daAuts
